 Dungeon Crawl Stone Soup version 0.26-a0-259-g1effd001a9 (webtiles) character file.

Game seed: 16976517679088602549

10612 night the Gelid (level 11, -1/74 HPs)
             Began as a White Draconian Ice Elementalist on July 22, 2020.
             Was a High Priest of Vehumet.
             Splashed by a brown ugly thing's acid (7 damage)
             ... on level 11 of the Dungeon.
             The game lasted 00:40:47 (12181 turns).

night the Gelid (White Draconian Ice Elementalist) Turns: 12181, Time: 00:40:47

Health: -1/74      AC:  3    Str: 10    XL:     11   Next: 38%
Magic:  23/24      EV: 12    Int: 19    God:    Vehumet [*****.]
Gold:   753        SH:  0    Dex: 12    Spells: 14/29 levels left

rFire    . . .     SeeInvis .   d - +3 scimitar (freeze) (curse)
rCold    + . .     Faith    .   (no shield)
rNeg     . . .     Spirit   .   (armour unavailable)
rPois    .         Reflect  .   (helmet restricted)
rElec    .         Harm     .   A - +0 cloak
rCorr    .                      (no gloves)
MR       .....                  B - +2 pair of boots
Stlth    +++.......             p - amulet of regeneration
HPRegen  0.62/turn              E - ring of wizardry
MPRegen  0.19/turn              t - ring of stealth

@: corroded, frozen ramparts
A: breathe frost, unfitting armour, cold resistance 1, cold-blooded, AC +7
a: Breathe Frost, Renounce Religion


You were on level 11 of the Dungeon.
You worshipped Vehumet.
Vehumet was extremely pleased with you.
You were not hungry.

You visited 2 branches of the dungeon, and saw 12 of its levels.
You also visited: Ossuary.

You collected 753 gold pieces.

Inventory:

Hand Weapons
 d - a cursed +3 scimitar of freezing (weapon)
 s - a +1 morningstar
 F - a +1 flail of holy wrath
 N - a +4 scimitar
Missiles
 j - 3 curare-tipped darts
 r - 14 boomerangs (quivered)
 y - 36 poisoned darts
Armour
 A - a +0 cloak (worn)
 B - a +2 pair of boots (worn)
Jewellery
 p - an amulet of regeneration (around neck)
 t - a ring of stealth (right hand)
 E - a ring of wizardry (left hand)
 L - an uncursed ring of resist corrosion
Wands
 k - a wand of flame (38)
 o - a wand of acid (16)
 C - a wand of random effects (22)
 D - a wand of polymorph (8)
 M - a wand of clouds (8)
 O - a wand of iceblast (6)
Scrolls
 a - 8 scrolls of remove curse
 m - 10 scrolls of teleportation
 v - a scroll of amnesia
 w - 2 scrolls of magic mapping
 G - a scroll of blinking
 H - 2 scrolls of enchant armour
 I - a scroll of vulnerability
 J - 2 scrolls of fog
 P - a scroll of identify
Potions
 c - 3 potions of might
 e - 3 potions of ambrosia
 f - a potion of berserk rage {unknown}
 g - 7 potions of brilliance
 h - 2 potions of resistance
 i - 5 potions of flight
 l - 3 potions of curing
 n - 4 potions of mutation
 q - 7 potions of haste
 u - 2 potions of stabbing
 x - a potion of lignification {unknown}
 z - 3 potions of heal wounds
 K - a potion of magic {unknown}
Comestibles
 b - 30 rations


   Skills:
 - Level 1.7 Dodging
 - Level 1.7 Stealth
 + Level 9.8 Spellcasting
 * Level 16.9 Ice Magic


You had 14 spell levels left.
You knew the following spells:

 Your Spells              Type           Power        Failure   Level
a - Freeze                Ice            ####         0%          1
b - Frozen Ramparts       Ice            ######       0%          3
c - Ozocubu's Armour      Chrm/Ice       #####...     1%          3
d - Summon Ice Beast      Ice/Summ       #####...     1%          4
e - Hailstorm             Conj/Ice       #####...     1%          4

Your spell library contained the following spells:

 Spells                   Type           Power        Failure   Level
 Bolt of Magma            Conj/Fire/Erth #.........   22%         5
 Magic Dart               Conj           #...         1%          1
 Searing Ray              Conj           #.....       1%          2
 Conjure Flame            Conj/Fire      #.......     2%          3
 Dazzling Flash           Conj/Hex       #.....       2%          3
 Mephitic Cloud           Conj/Pois/Air  #.......     2%          3
 Animate Skeleton         Necr           #.....       3%          1
 Pain                     Necr           #...         3%          1
 Blink                    Tloc           N/A          4%          2
 Call Imp                 Summ           #.......     4%          2
 Slow                     Hex            #.......     4%          2
 Vampiric Draining        Necr           #.........   9%          3
 Fulminant Prism          Conj/Hex       #.........   9%          4
 Iskenderun's Mystic Bla  Conj/Tloc      #.......     9%          4
 Animate Dead             Necr           #.........   28%         4
 Agony                    Necr           #.......     61%         5


Dungeon Overview and Level Annotations

Branches:
Dungeon (11/15)            Temple (1/1) D:4            Lair (0/6) D:10
Ossuary (visited)
    Orc: D:9-12

Altars:
Ashenzari
Cheibriados
Dithmenos
Elyvilon
Fedhas
Gozag
Hepliaklqana
Kikubaaqudgha
Makhleb
Nemelex Xobeh
Okawaru
Qazlal
Ru
Sif Muna
Trog
Uskayaw
Vehumet
Wu Jian
Xom
Yredelemnul
Zin
The Shining One

Portals:
Trove: D:10 (give 15 scrolls of teleportation)


Innate Abilities, Weirdness & Mutations

You can breathe waves of freezing cold.
You can buffet flying creatures when you breathe cold.
Your icy white scales are hard. (AC +7)
You cannot fit into any form of body armour.
Your flesh is cold resistant. (rC+)
You are cold-blooded and may be slowed by cold attacks.


Message History

The wall freezes the brown ugly thing!
The brown ugly thing closely misses you.
The wall freezes the brown ugly thing.
The brown ugly thing kicks you!
You are splashed with acid!
You barely miss the brown ugly thing.
The brown ugly thing is heavily wounded.
The wall freezes the brown ugly thing!
The brown ugly thing kicks you!
* * * LOW HITPOINT WARNING * * *
The acid corrodes you!
You are splashed with acid!
* * * LOW HITPOINT WARNING * * *
Evoke which item? (* to show all) (? for menu, Esc to quit)
Aiming: Corrosive Bolt
Press: ? - help, Shift-Dir - straight line, f - brown ugly thing
Aim: a brown ugly thing (severely wounded)
The bolt of acid hits the brown ugly thing.
The brown ugly thing is severely wounded.
The wall freezes the brown ugly thing!
The brown ugly thing kicks you.
* * * LOW HITPOINT WARNING * * *
You are splashed with acid!
You die...

>.............. #..
.............#. ...#
.....##......### ...
.....#........## #..
..............<###.#
................##.##
##..............#...##
#....................##
..........(....u@.....#
...............##..##...
...[..........####..#
.))..........# #..####.#
.)).........## #......#
.............#####......#
...............##..#####.#
..)..........#....## #.#
......).#....##..## ##..


You could see a brown ugly thing.

Vanquished Creatures
  Erolcha (D:10)
  A two-headed ogre (D:11)
  An unseen horror (D:10)
  An elephant (D:10)
  2 trolls
  2 hippogriffs (D:8)
  A wyvern (D:8)
  Sigmund (D:3)
  5 yaks
  A steam dragon (D:9)
  A sky beast (D:9)
  Duvessa (D:5)
  2 orc warriors
  2 black bears
  A hornet zombie (D:11)
  4 ogres
  2 centaurs
  2 crocodiles (D:10)
  2 big kobolds
  3 bullfrogs
  Dowan (D:5)
  A water moccasin skeleton (D:9)
  5 scorpions
  3 killer bees (D:9)
  12 wights
  A howler monkey (D:10)
  2 bullfrog zombies
  3 lava snakes (D:10)
  2 centaur zombies
  7 hounds
  A quasit (D:7)
  2 bullfrog skeletons
  3 jellies
  7 orc priests
  3 iguanas
  Terence (D:2)
  7 worker ants
  9 orc wizards
  A killer bee zombie (D:5)
  7 mummies
  A hound zombie (D:6)
  3 hound skeletons
  A worker ant zombie (D:6)
  2 howler monkey skeletons
  10 adders
  4 gnolls
  A shadow imp (D:6)
  3 white imps
  4 ufetubi
  An ooze (D:7)
  2 worms
  5 leopard geckos
  40 orcs
  7 giant cockroaches
  A gnoll zombie (Ossuary)
  4 goblins
  7 hobgoblins
  6 jackals
  A quokka (D:4)
  8 bats
  3 frilled lizards
  A hobgoblin zombie (D:5)
  16 kobolds
  A kobold zombie (D:5)
  A quokka skeleton (D:7)
  3 rats
250 creatures vanquished.

Vanquished Creatures (collateral kills)
  A vault guard (D:10)
  A two-headed ogre (D:9)
  A manticore (D:11)
  A wraith (D:11)
  2 ice beasts
  A phantom (D:8)
  A big kobold (D:11)
  4 wights
  2 orc priests
  An orc wizard (D:11)
  An iguana (D:11)
  A big kobold zombie (Ossuary)
  2 mummies (Ossuary)
  2 orcs (D:11)
  2 hobgoblin zombies (Ossuary)
  5 kobolds
  2 kobold zombies (Ossuary)
  2 orc zombies (Ossuary)
32 creatures vanquished.

Grand Total: 282 creatures vanquished

Notes
Turn   | Place    | Note
-------+----------+-------------------------------------------
     0 | D:1      | night the Draconian Ice Elementalist began the quest for
                  | the Orb.
     0 | D:1      | Reached XP level 1. HP: 14/14 MP: 3/3
   248 | D:1      | Reached XP level 2. HP: 20/20 MP: 5/5
  1122 | D:2      | Reached XP level 3. HP: 23/26 MP: 2/6
  1198 | D:2      | Learned a level 3 spell: Frozen Ramparts
  1280 | D:2      | Found a burning altar of Makhleb.
  1338 | D:2      | Noticed Terence
  1346 | D:2      | Reached skill level 5 in Ice Magic
  1392 | D:2      | Killed Terence
  1392 | D:2      | Reached XP level 4. HP: 15/33 MP: 1/8
  2174 | D:2      | Found an ornate altar of the Wu Jian Council.
  2301 | D:3      | Noticed Sigmund
  2310 | D:3      | Killed Sigmund
  2310 | D:3      | Reached skill level 6 in Ice Magic
  2310 | D:3      | Reached XP level 5. HP: 29/38 MP: 6/10
  2424 | D:3      | Reached XP level 6. HP: 20/45 MP: 7/11
  3325 | D:4      | Reached skill level 7 in Ice Magic
  3494 | D:4      | Found a staircase to the Ecumenical Temple.
  3501 | Temple   | Entered the Ecumenical Temple
  3655 | Temple   | Became a worshipper of Vehumet
  4404 | D:5      | Entered Level 5 of the Dungeon
  4453 | D:5      | Your scales start taking on an icy white colour.
  4453 | D:5      | Reached skill level 8 in Ice Magic
  4453 | D:5      | Reached XP level 7. HP: 38/50 MP: 13/13
  4453 | D:5      | Gained mutation: Your flesh is cold resistant. (rC+) [White
                  | Draconian growth]
  4459 | D:5      | Learned a level 3 spell: Ozocubu's Armour
  4464 | D:5      | Learned a level 4 spell: Summon Ice Beast
  4468 | D:5      | Found a sand-covered staircase.
  4507 | Ossuary  | Entered an ossuary
  4828 | Ossuary  | Reached skill level 9 in Ice Magic
  5379 | D:5      | Reached * piety under Vehumet
  5379 | D:5      | Offered knowledge of Foxfire by Vehumet.
  5786 | D:5      | Learned a level 4 spell: Hailstorm
  5817 | D:5      | Reached skill level 5 in Spellcasting
  5865 | D:5      | Noticed Duvessa
  5866 | D:5      | Noticed Dowan
  5873 | D:5      | Killed Duvessa
  5873 | D:5      | Reached skill level 10 in Ice Magic
  5875 | D:5      | Killed Dowan
  5875 | D:5      | Reached XP level 8. HP: 57/57 MP: 13/15
  6167 | D:5      | Found a hide-covered altar of Uskayaw.
  6167 | D:5      | Found a stormy altar of Qazlal.
  6168 | D:5      | Found a shimmering altar of Xom.
  6629 | D:6      | Reached ** piety under Vehumet
  6629 | D:6      | Offered knowledge of Searing Ray by Vehumet.
  6745 | D:6      | Reached skill level 11 in Ice Magic
  7524 | D:7      | Reached skill level 12 in Ice Magic
  7672 | D:7      | Reached XP level 9. HP: 62/62 MP: 14/18
  7892 | D:7      | Offered knowledge of Inner Flame by Vehumet.
  8324 | D:8      | Reached skill level 13 in Ice Magic
  8395 | D:8      | Reached *** piety under Vehumet
  8703 | D:8      | Offered knowledge of Fulminant Prism by Vehumet.
  9201 | D:9      | Reached skill level 14 in Ice Magic
  9390 | D:9      | Reached XP level 10. HP: 69/69 MP: 21/21
  9393 | D:9      | Noticed a two-headed ogre
  9402 | D:9      | Killed a two-headed ogre
  9504 | D:9      | Found a glowing golden altar of the Shining One.
  9523 | D:9      | Reached **** piety under Vehumet
  9620 | D:9      | Offered knowledge of Iskenderun's Battlesphere by Vehumet.
 10095 | D:10     | Entered Level 10 of the Dungeon
 10122 | D:9      | Reached skill level 15 in Ice Magic
 10200 | D:10     | Noticed Erolcha
 10217 | D:10     | Killed Erolcha
 10524 | D:10     | Found a staircase to the Lair.
 10524 | D:10     | Noticed an elephant
 10540 | D:10     | Killed an elephant
 10857 | D:10     | Killed an unseen horror
 10857 | D:10     | Reached skill level 16 in Ice Magic
 10861 | D:10     | Reached XP level 11. HP: 22/74 MP: 18/24
 11155 | D:10     | Noticed a vault guard
 11160 | D:10     | Killed a vault guard
 11166 | D:10     | Found a portal to a secret trove of treasure.
 11717 | D:11     | Noticed a two-headed ogre
 11725 | D:11     | Killed a two-headed ogre
 11791 | D:11     | HP: 11/74 [manticore (22)]
 11866 | D:11     | Reached ***** piety under Vehumet
 11872 | D:11     | Offered knowledge of Bolt of Magma by Vehumet.
 12169 | D:11     | Noticed a brown ugly thing
 12180 | D:11     | HP: 8/74 [acid (10)]
 12181 | D:11     | Splashed by a brown ugly thing's acid

Illustrated notes

Levels and vault maps discovered:
D:1:      dpeg_arrival_stonehenge_8_columns, layout_basic
D:2:      layout_loops_cross, lemuel_round_altar, lemuel_doored_altar,
          first_ration, minmay_tromino_v7, uniq_terence
D:3:      layout_rooms, minmay_cut_off, uniq_sigmund
D:4:      layout_loops_ring, temple_statues
D:5:      layout_loops_ring, gammafunk_temple_overflow_claw,
          nicolae_ossuary_entry_giza, cheibrodos_sewer_entry_drain, uniq_duvessa
D:6:      layout_cave_pools
D:7:      layout_gridville, st_stairs_3
D:8:      layout_loops_ring
D:9:      layout_basic, nicolae_overflow_crystal_walls
D:10:     layout_big_octagon, david_lair_generic, enter_trove_5, uniq_erolcha
D:11:     layout_layer_cave, orc_0_dummy
Temple:   nicolae_temple_elliptical

Skill      XL: |  1  2  3  4  5  6  7  8  9 10 |
---------------+-------------------------------+-----
Ice Magic      | 5 6 8 10 12 14 16 | 16.9
Spellcasting   | 3 4 5 6 7 9 |  9.8
Dodging        | |  1.7
Stealth        | |  1.7

Action                   |  1- 3 |  4- 6 |  7- 9 | 10-12 || total
-------------------------+-------+-------+-------+-------++-------
Melee: Unarmed           |     7 |       |       |       ||     7
       Tailslap          |     2 |     7 |    22 |    17 ||    48
       Flail             |    13 |    63 |       |       ||    76
       Morningstar       |       |     1 |   105 |       ||   106
       Rapier            |       |       |    22 |       ||    22
       Short sword       |       |       |    28 |       ||    28
       Scimitar          |       |       |    57 |   137 ||   194
Throw: Boomerang         |       |     2 |    12 |     3 ||    17
 Cast: Freeze            |    28 |    17 |    16 |     3 ||    64
       Frozen Ramparts   |     3 |    19 |    59 |    24 ||   105
       Summon Ice Beast  |       |       |    18 |    22 ||    40
       Ozocubu's Armour  |       |       |     6 |     2 ||     8
       Hailstorm         |       |       |     6 |    23 ||    29
 Abil: Breathe Frost     |       |       |       |     1 ||     1
Evoke: Wand              |       |       |     2 |     1 ||     3
  Use: Scroll            |     6 |     2 |    11 |     5 ||    24
 Stab: Sleeping          |     1 |       |     2 |       ||     3
  Eat: Ration            |     1 |     2 |     5 |     2 ||    10
Armor: Skin              |    13 |    34 |   139 |   107 ||   293
Dodge: Dodged            |    37 |    71 |   216 |   119 ||   443
       Rpst.: Scimitar   |       |       |    14 |    27 ||    41

Table legend:
 A = Non-vault XP
 B = Vault XP
 C = Vault XP percentage of total XP
 D = Non-vault monster count
 E = Vault monster count
 F = Vault count percentage of total count
                 A         B        C        D         E       F
            +---------+---------+-------+---------+---------+-------
      Total |   12039 |    3121 |  20.6 |     242 |      40 |  14.2
            +---------+---------+-------+---------+---------+-------
        D:1 |      35 |       0 |   0.0 |      15 |       0 |   0.0
        D:2 |      67 |      43 |  39.1 |      13 |       5 |  27.8
        D:3 |     245 |     201 |  45.1 |      29 |       3 |   9.4
        D:4 |     139 |       0 |   0.0 |       7 |       0 |   0.0
        D:5 |     332 |     251 |  43.1 |      10 |       8 |  44.4
        D:6 |     483 |       0 |   0.0 |      20 |       0 |   0.0
        D:7 |    1090 |      84 |   7.2 |      27 |       2 |   6.9
        D:8 |    1958 |       0 |   0.0 |      35 |       0 |   0.0
        D:9 |    2267 |       0 |   0.0 |      29 |       0 |   0.0
       D:10 |    2311 |    2405 |  51.0 |      27 |       6 |  18.2
       D:11 |    3112 |       0 |   0.0 |      30 |       0 |   0.0
    Ossuary |       0 |     137 | 100.0 |       0 |      16 | 100.0
            +---------+---------+-------+---------+---------+-------
